 Dungeon Crawl Stone Soup version 0.21.1-1-g345015f (webtiles) character file.

361736 microfolk the Slayer (level 22, -23/140 HPs)
             Began as a Gargoyle Fighter on Apr 24, 2018.
             Was a High Priest of Okawaru.
             Killed from afar by a wizard (34 damage)
             ... with a crystal spear
             ... on level 1 of the Depths.
             The game lasted 02:02:21 (44399 turns).

microfolk the Slayer (Gargoyle Fighter)            Turns: 44399, Time: 02:02:22

Health: -23/140    AC: 53    Str: 27    XL:     22   Next: 46%
Magic:  0/30       EV: 15    Int: 18    God:    Okawaru [*****.]
Gold:   3802       SH:  0    Dex: 22    Spells: 8/21 levels left

rFire    + + .     SeeInvis +   n - +8 great mace of No More Talking {drain, *Drain rN+ Dex+5}
rCold    . . .     Gourm    .   (shield currently unavailable)
rNeg     + + +     Faith    .   g - +6 plate armour {MR+}
rPois    ∞         Spirit   +   j - +2 helmet {SInv}
rElec    +         Reflect  .   m - scarf {Spirit}
rCorr    +         Harm     .   d - +0 pair of gloves of Anaesthesia {rF+ Int+2}
MR       ++...     Clarity  +   X - +4 pair of boots of the Battered Dreams {rN+ Regen+ rCorr Dex+7}
Stlth    ..........             D - amulet of regeneration
HPRegen  1.13/turn              c - ring "Momill" {Slay+5 Stlth+}
MPRegen  0.22/turn              C - ring of protection from fire

@: mighty, hasted, very quick
A: big wings, clarity, frail 1, negative energy resistance 1, electricity
resistance, unbreathing, petrification resistance, rot immunity, AC +16
}: 2/15 runes: decaying, gossamer
a: Fly, Heroism, Finesse, Renounce Religion


You were on level 1 of the Depths.
You worshipped Okawaru.
Okawaru was extremely pleased with you.
You were very full.

You visited 9 branches of the dungeon, and saw 39 of its levels.
You visited the Abyss 1 time.
You also visited: Ice Cave and Volcano.

You collected 5074 gold pieces.
You spent 1272 gold pieces at shops.

Inventory:

Hand Weapons
 n - the +8 great mace of No More Talking (weapon) {drain, *Drain rN+ Dex+5}
   (Okawaru gifted it to you on level 2 of the Lair of Beasts)

   A truly terrible weapon, it drains the life of those it strikes.
   It affects your dexterity (+5).
   It protects you from negative energy.
   It causes draining when unequipped.
 U - a +4 longbow of velocity
Armour
 d - the +0 pair of gloves of Anaesthesia (worn) {rF+ Int+2}
   (You acquired it on level 3 of the Vaults)

   It affects your intelligence (+2).
   It protects you from fire.
 g - a +6 plate armour of magic resistance (worn)
 j - a +2 helmet of see invisible (worn)
 k - a +0 pair of gloves of strength
 m - a scarf of spirit shield (worn)
 z - a +2 pair of gloves of archery
 X - the +4 pair of boots of the Battered Dreams (worn) {rN+ Regen+ rCorr Dex+7}
   (Okawaru gifted it to you on level 2 of the Elven Halls)

   It affects your dexterity (+7).
   It protects you from negative energy.
   It increases your rate of regeneration.
   It protects you from acid and corrosion.
Jewellery
 c - the ring "Momill" (left hand) {Slay+5 Stlth+}
   (You found it in an ice cave)

   [ring of stealth]

   It affects your accuracy and damage with ranged weapons and melee attacks
   (+5).
   It makes you more stealthy.
 h - a +6 ring of evasion
 s - an uncursed ring of protection from fire
 C - a ring of protection from fire (right hand)
 D - an amulet of regeneration (around neck)
 E - an uncursed ring of protection from cold
 S - the ring of the Good {-Tele rC++ MR+ Str+2 Int+5}
   (You found it in an ice cave)

   [ring of intelligence]

   It affects your strength (+2).
   It affects your intelligence (+5).
   It greatly protects you from cold.
   It affects your resistance to hostile enchantments.
   It prevents most forms of teleportation.
Wands
 q - a wand of iceblast (24)
 v - a wand of disintegration (25)
 w - a wand of digging (65)
 G - a wand of acid (12)
 I - a wand of paralysis (25)
 Q - a wand of clouds (8)
Scrolls
 b - 2 scrolls of silence
 l - 16 scrolls of teleportation
 o - 2 scrolls of immolation
 t - 2 scrolls of magic mapping
 u - 8 scrolls of remove curse
 x - 3 scrolls of fog
 y - 3 scrolls of blinking
 K - 3 scrolls of enchant weapon
 M - 2 scrolls of fear
 P - a scroll of identify
 R - a scroll of amnesia
 W - a scroll of summoning
Potions
 a - 4 potions of berserk rage
 e - 18 potions of curing
 i - 2 potions of magic
 p - 5 potions of cancellation
 r - 3 potions of agility
 A - 9 potions of might
 B - 3 potions of invisibility
 F - 3 potions of brilliance
 J - 3 potions of mutation
 N - 5 potions of heal wounds
 T - 7 potions of resistance
 Y - 4 potions of haste
Books
 H - a book of Frost

   Spells                             Type                      Level
   a - Freeze                         Ice                          1
   b - Throw Frost                    Conjuration/Ice              2
   c - Ozocubu's Armour               Charms/Ice                   3
   d - Throw Icicle                   Conjuration/Ice              4
   e - Summon Ice Beast               Ice/Summoning                4
 L - a book of Flames

   Spells                             Type                      Level
   a - Flame Tongue                   Conjuration/Fire             1
   b - Throw Flame                    Conjuration/Fire             2
   c - Conjure Flame                  Conjuration/Fire             3
   d - Inner Flame                    Hexes/Fire                   3
   e - Sticky Flame                   Conjuration/Fire             4
   f - Fireball                       Conjuration/Fire             5
 Z - the Volume of Transformation and Cold
   (You found it on level 1 of the Vaults)

   Spells                             Type                      Level
   a - Beastly Appendage              Transmutation                1
   b - Ozocubu's Armour               Charms/Ice                   3
   c - Ice Form                       Ice/Transmutation            4
   d - Irradiate                      Conjuration/Transmutation    5
   e - Metabolic Englaciation         Hexes/Ice                    5
Miscellaneous
 O - a lightning rod (4/4)
 V - a box of beasts
Comestibles
 f - 41 rations


   Skills:
 + Level 21.6 Fighting
 - Level 18.1 Maces & Flails
 - Level 19.0 Armour
 + Level 8.5 Dodging
   Level 3.2 Shields
 - Level 8.0 Hexes
 - Level 8.0 Charms
 * Level 2.4 Necromancy
 - Level 11.2 Invocations
 - Level 11.0 Evocations


You had 8 spell levels left.
You knew the following spells:

 Your Spells              Type           Power        Failure   Level  Hunger
a - Spectral Weapon       Hex/Chrm       ####....     12%         3    ####...
b - Summon Lightning Spi  Summ/Air       #.......     100%        4    #####..
c - Poisonous Vapours     Pois/Air       #.....       86%         2    ###....
d - Apportation           Tloc           #.....       73%         1    ##.....
e - Regeneration          Chrm/Necr      ###.......   36%         3    ####...


Dungeon Overview and Level Annotations

Branches:
Dungeon (15/15)            Temple (1/1) D:5            Lair (6/6) D:10
  Swamp (4/4) Lair:2       Spider (4/4) Lair:3        Slime (0/5) Lair:6
    Orc (2/2) D:11            Elf (2/3) Orc:2        Vaults (4/5) D:13
  Crypt (0/3) Vaults:3     Depths (1/5) D:15

Altars:
Ashenzari
Cheibriados
Dithmenos
Elyvilon
Fedhas
Gozag
Hepliaklqana
Kikubaaqudgha
Makhleb
Nemelex Xobeh
Okawaru
Qazlal
Ru
Sif Muna
Trog
Uskayaw
Vehumet
Wu Jian
Xom
Yredelemnul
Zin
The Shining One

Shops:
D:4 }   Orc:2 [%(*(   Elf:1 ([%?   Vaults:1 [   Vaults:3 !}   Vaults:4 *

Portals:
Hell: Depths:1
Ziggurat: Depths:1

Annotations:
D:1 exclusion: downstairs
D:5 microfolk's ghost, novice GrFi
D:8 exclusion: downstairs
D:12 exclusion: ice statue
Depths:1 Mara


Innate Abilities, Weirdness & Mutations

You are resistant to torment.
Your stone body is resilient. (AC +16)
You are immune to poison.
Your large and strong wings let you fly indefinitely.
You resist negative energy. (rN+)
You are resistant to electric shocks. (rElec)
You can survive without breathing.
You are immune to petrification.
You are immune to rotting.
You possess an exceptional clarity of mind.
You are frail. (-10% HP)


Message History

The bolt of fire hits you! You resist. Mara gestures at you.
You resist with almost no effort.
Your hands slow down.
Microfolk's illusion hits you!
The orb spider begins to weave its threads into a brightly glowing ball.
The wizard hits you but does no damage.
There is an open door, spattered with blood here.
You bludgeon Mara!!
Mara is almost dead.
Microfolk's illusion hits you!!!
* * * LOW HITPOINT WARNING * * *
Mara hits you with a demon whip of flaming.
* * * LOW HITPOINT WARNING * * *
Mara weaves an illusion.
You barely miss Mara.
Mara is almost dead.
The wizard casts a spell at you. The crystal spear hits you!
You die...

#..........# ≈≈###
#..........### #####
#..))........... .....
###########)#....... ...
##+# ..........(s#......
..###.#
##.###.###.#....#######.#..#
#.# #.#....#..........=
#.###.#R...#.#.........
#...R@@RR..#..#.....#..
#####.#p...#...#.....#.
#.#p.((#....#......
#.###'##.....#..... #.#
#.#.......#.#.#
##(###..............
#......#...#...#....
#.#(#####...#......#
#.#............#..##


You could see 3 Maras, a rakshasa, an orb spider, 2 wizards and microfolk's
illusion.

Vanquished Creatures
  Sojobo (Depths:1)
  Nikola (Swamp:2)
  A lich (Depths:1)
  A tentacled monstrosity (Vaults:3)
  A sphinx (Vaults:1)
  Kirke (D:13)
  A shadow dragon (Vaults:3)
  3 thorn hunters
  2 tengu reavers (Depths:1)
  A large abomination (Elf:1)
  2 deep elf sorcerers
  A frost giant (Vaults:1)
  3 fire giants
  19 vault wardens
  6 emperor scorpions
  3 ghost moths (Spider:4)
  The ghost of MordorOrchid the Unseen, an adept SpWn of Dithmenos (Swamp:4)
  8 stone giants
  14 ironheart preservers
  5 deep elf demonologists
  2 very ugly things
  7 entropy weavers
  Nessos (D:14)
  A spark wasp (Spider:4)
  A deep elf annihilator (Vaults:2)
  A red draconian (Volcano)
  A deep elf death mage (Vaults:2)
  An ettin (Vaults:4)
  3 deep elf high priests
  Josephine (Orc:2)
  2 great orbs of eyes (Vaults:1)
  3 fire dragons
  6 yaktaur captains
  14 vault guards
  A rakshasa (Vaults:1)
  Fannar (D:11)
  22 hydras
  7 ice dragons
  A catoblepas (Lair:6)
  6 centaur warriors
  21 two-headed ogres
  A death knight (Vaults:3)
  7 ogre magi
  25 dancing weapons
  8 alligators
  2 deep troll shamans
  A queen ant (Spider:1)
  Sonja (Orc:2)
  Nergalle (Lair:2)
  3 orc high priests (Orc:2)
  34 deep elf knights
  A fire crab (D:14)
  An iron troll (Depths:1)
  5 skeletal warriors
  4 unseen horrors
  A death drake (shapeshifter) (Vaults:3)
  3 spriggan druids
  3 unseen horrors (shapeshifter)
  16 deep elf archers
  4 wizards
  15 swamp dragons
  8 deep trolls
  A phantasmal warrior (Vaults:3)
  A flayed ghost (Vaults:3)
  A lindwurm (Lair:6)
  A shambling mangrove (Swamp:3)
  10 ironbrand convokers
  A swamp dragon (shapeshifter) (Elf:1)
  2 necromancers
  A tengu zombie (Vaults:2)
  The ghost of Kiux97 the Chopper, a novice HOFi of Ru (D:8)
  21 orc knights
  24 orb spiders
  A shining eye (shapeshifter) (Vaults:3)
  32 wolf spiders
  19 ugly things
  54 deep elf magi
  An orb spider (shapeshifter) (Vaults:4)
  6 cyclopes
  4 manticores
  8 orc sorcerers
  4 moths of wrath
  A black mamba (shapeshifter) (Vaults:2)
  5 black mambas
  A human skeleton (Vaults:2)
  A fire giant skeleton (Vaults:2)
  8 elephants
  2 ice statues (IceCv)
  15 vault sentinels
  2 torpor snails
  An elephant (shapeshifter) (Vaults:1)
  4 centaur skeletons
  2 gargoyles (D:13)
  A torpor snail (shapeshifter) (Elf:2)
  7 komodo dragons
  21 spiny frogs
  6 freezing wraiths
  An efreet (D:13)
  A komodo dragon (shapeshifter) (D:13)
  6 rime drakes
  4 spectral swamp worms (Depths:1)
  A redback zombie (D:15)
  25 yaktaurs
  10 demonic crawlers
  A tengu conjurer (D:15)
  A wind drake (shapeshifter) (Elf:2)
  55 jumping spiders
  4 tyrant leeches
  2 trolls (shapeshifter)
  9 polar bears
  A harpy zombie (D:13)
  10 trolls
  Grinder (D:6)
  17 hornets
  2 meliai (shapeshifter)
  26 slime creatures
  20 blink frogs
  5 bog bodies
  A hippogriff (shapeshifter) (D:14)
  A fire giant simulacrum (Vaults:4)
  7 dream sheep (Lair:6)
  6 hippogriffs
  30 tarantellas
  43 yaks
  77 redbacks
  7 spriggans
  3 air elementals (Elf:1)
  6 wyverns
  4 water elementals
  6 wraiths
  2 yaks (shapeshifter)
  3 basilisks
  Grum (D:10)
  15 vampire mosquitoes
  Menkaure (D:7)
  4 hungry ghosts
  4 human simulacra
  3 acid dragons
  Duvessa (D:6)
  8 wargs
  12 insubstantial wisps (Swamp:1)
  24 swamp worms
  19 soldier ants
  15 porcupines
  16 water moccasins
  44 orc warriors
  11 swamp drakes
  2 black bears
  2 sky beasts
  2 eyes of draining
  22 ice beasts
  4 boggarts (Vaults:1)
  A human zombie (Vaults:2)
  7 wolves
  An eye of draining (shapeshifter) (Vaults:2)
  22 ogres
  18 centaurs
  18 crocodiles
  An elf simulacrum (Vaults:1)
  17 bullfrogs
  2 earth elementals
  A wyvern zombie (D:14)
  Dowan (D:6)
  A hornet simulacrum (D:9)
  3 wyvern skeletons (D:15)
  5 scorpions
  10 killer bees
  2 wights (D:9)
  3 howler monkeys
  6 electric eels
  7 crimson imps
  A wyvern simulacrum (D:14)
  A quasit (D:11)
  6 jellies
  A bullfrog skeleton (D:10)
  23 orc priests
  8 hounds
  An iguana (D:12)
  34 orc wizards
  24 worker ants
  A hell rat (Lair:6)
  2 bullfrog simulacra (D:9)
  4 centaur simulacra
  A hound zombie (D:9)
  2 hound skeletons
  2 howler monkey zombies
  A worker ant zombie (D:10)
  4 gnolls (D:4)
  17 adders
  8 shadow imps
  14 white imps
  2 worker ant simulacra (D:9)
  5 ufetubi
  2 oozes
  An adder zombie (D:5)
  An adder skeleton (D:4)
  3 worms
  2 dart slugs
  8 leopard geckos
  124 orcs
  6 giant cockroaches
  9 goblins
  7 hobgoblins
  17 jackals
  14 kobolds
  6 quokkas
  7 bats
  8 frilled lizards
  A jackal zombie (D:6)
  A quokka zombie (D:4)
  7 rats
  A crawling corpse (Elf:1)
1713 creatures vanquished.

Vanquished Creatures (others)
  A vault guard (Vaults:4)
  A deep elf knight (Elf:2)
  An orc knight (Vaults:1)
  A slime creature (D:14)
  A human (D:13)
  2 centaurs (Depths:1)
  A crimson imp (D:13)
  An orc priest (Elf:1)
  4 orcs (Elf:1)
  7 briar patches
  4 fungi
  7 plants
  3 spectral weapons
  6 toadstools (Swamp:2)
40 creatures vanquished.

Grand Total: 1753 creatures vanquished

Notes
Turn   | Place    | Note
-------+----------+-------------------------------------------
     0 | D:1      | microfolk the Gargoyle Fighter began the quest for the Orb.
     0 | D:1      | Reached XP level 1. HP: 14/14 MP: 1/1
   147 | D:1      | Reached XP level 2. HP: 19/19 MP: 2/2
   309 | D:1      | Reached XP level 3. HP: 22/23 MP: 3/3
   896 | D:2      | Found a hazy altar of Hepliaklqana.
   957 | D:2      | Noticed an orc warrior
  1270 | D:2      | Reached XP level 4. HP: 29/29 MP: 4/4
  1629 | D:2      | Reached skill level 4 in Fighting
  2271 | D:3      | Reached XP level 5. HP: 33/33 MP: 5/5
  2553 | D:3      | Found a burning altar of Makhleb.
  2562 | D:3      | Cast into level 1 of the Abyss (crimson imp)
  2574 | D:3      | Escaped the Abyss
  2811 | D:3      | Found a sacrificial altar of Ru.
  3063 | D:3      | Found a shimmering altar of Xom.
  3115 | D:4      | Found Ydo Qothuorch's Gadget Shop.
  3333 | D:4      | Reached XP level 6. HP: 39/39 MP: 6/6
  3478 | D:4      | Found a snail-covered altar of Cheibriados.
  3648 | D:4      | Found a glowing silver altar of Zin.
  3648 | D:4      | Found a glowing golden altar of the Shining One.
  3649 | D:4      | Found a white marble altar of Elyvilon.
  3703 | D:4      | Reached skill level 5 in Maces & Flails
  3713 | D:4      | Reached skill level 5 in Armour
  3813 | D:4      | Reached skill level 5 in Fighting
  3819 | D:4      | Reached XP level 7. HP: 34/44 MP: 7/7
  4169 | D:5      | Entered Level 5 of the Dungeon
  4169 | D:5      | Found a staircase to the Ecumenical Temple.
  4174 | Temple   | Entered the Ecumenical Temple
  4486 | D:5      | Found a blossoming altar of Fedhas.
  4989 | D:5      | Noticed microfolk's ghost (novice GrFi)
  5306 | D:6      | Reached XP level 8. HP: 51/51 MP: 8/8
  5534 | D:6      | Reached skill level 6 in Fighting
  5627 | D:6      | Noticed Grinder
  5648 | D:6      | Killed Grinder
  5711 | D:6      | Noticed Duvessa
  5715 | D:6      | Noticed Dowan
  5740 | D:6      | Killed Duvessa
  5879 | D:6      | Found a stormy altar of Qazlal.
  6003 | D:6      | Killed Dowan
  6181 | D:7      | Reached skill level 7 in Fighting
  6181 | D:7      | Reached XP level 9. HP: 57/57 MP: 9/9
  6482 | D:7      | Noticed Menkaure
  6500 | D:7      | Killed Menkaure
  6566 | D:7      | Noticed a red ugly thing
  6566 | D:7      | Noticed a great orb of eyes
  6692 | D:8      | Learned a level 4 spell: Summon Lightning Spire
  6696 | D:8      | Learned a level 3 spell: Spectral Weapon
  6935 | D:8      | Reached skill level 8 in Fighting
  6984 | D:8      | Found an ornate altar of the Wu Jian Council.
  6985 | D:8      | Found an iron altar of Okawaru.
  6995 | D:8      | Became a worshipper of Warmaster Okawaru
  7146 | D:8      | Noticed Kiux97's ghost (novice HOFi)
  7301 | D:8      | Killed Kiux97's ghost
  7301 | D:8      | Reached skill level 10 in Maces & Flails
  7301 | D:8      | Reached XP level 10. HP: 59/65 MP: 10/10
  7448 | D:9      | Reached * piety under Okawaru
  7679 | D:9      | Reached ** piety under Okawaru
  7679 | D:9      | Reached skill level 9 in Fighting
  8220 | D:9      | Noticed a two-headed ogre
  8246 | D:9      | Killed a two-headed ogre
  8263 | D:9      | Reached *** piety under Okawaru
  8429 | D:9      | Reached XP level 11. HP: 71/71 MP: 8/11
  8576 | D:9      | Found a basalt altar of Yredelemnul.
  9059 | D:9      | Noticed a death knight
  9307 | D:9      | Reached skill level 10 in Armour
  9364 | D:10     | Entered Level 10 of the Dungeon
  9371 | D:9      | Reached skill level 10 in Fighting
  9445 | D:10     | Found a staircase to the Lair.
  9621 | D:10     | Reached **** piety under Okawaru
  9663 | D:10     | Noticed a two-headed ogre
  9679 | D:10     | Killed a two-headed ogre
 10287 | D:10     | Found a burning altar of Makhleb.
 10289 | D:10     | Noticed a green death
 10545 | Lair:1   | Entered Level 1 of the Lair of Beasts
 10545 | Lair:1   | Noticed Grum
 10564 | D:10     | Killed Grum
 10641 | Lair:1   | Reached ***** piety under Okawaru
 10641 | Lair:1   | Received a gift from Okawaru
 10669 | Lair:1   | Reached XP level 12. HP: 79/79 MP: 15/15
 10684 | Lair:1   | Reached skill level 5 in Invocations
 10902 | Lair:1   | Reached skill level 11 in Fighting
 11342 | Lair:2   | Found a staircase to the Swamp.
 11479 | Lair:2   | Found a dark tunnel.
 11584 | Volcano  | Entered a volcano
 11688 | Volcano  | Noticed a red draconian
 11740 | Volcano  | Killed a red draconian
 11778 | Volcano  | Got a pair of scorched boots
 11808 | Volcano  | Noticed a centaur warrior
 11831 | Volcano  | Killed a centaur warrior
 12105 | Lair:2   | Identified the +0 pair of boots of Tenacity {rF+} (You found it in a volcano)
 12120 | Lair:2   | Received a gift from Okawaru
 12125 | Lair:2   | Got a warped great mace {god gift}
 12126 | Lair:2   | Identified the +8 great mace of No More Talking {drain, *Drain rN+ Dex+5} (Okawaru gifted it to you on level 2 of the Lair of Beasts)
 12233 | Lair:2   | Noticed Nergalle
 12252 | Lair:2   | Killed Nergalle
 12252 | Lair:2   | Reached skill level 12 in Fighting
 12384 | Lair:2   | Got a transparent shortbow
 12413 | Lair:2   | Learned a level 2 spell: Poisonous Vapours
 12903 | Lair:3   | Reached skill level 10 in Invocations
 12914 | Lair:3   | Reached XP level 13. HP: 27/87 MP: 20/20
 13372 | Lair:3   | Received a gift from Okawaru
 13675 | Lair:3   | Found a hole to the Spider Nest.
 14159 | Lair:4   | Reached skill level 13 in Fighting
 15010 | Lair:4   | You fall through a shaft!
 15054 | Lair:5   | Found a frozen archway.
 15119 | Lair:5   | Received a gift from Okawaru
 15136 | IceCv    | Entered an ice cave
 15588 | IceCv    | Noticed an ice dragon
 15589 | IceCv    | Noticed an ice dragon
 15612 | IceCv    | Killed an ice dragon
 15670 | IceCv    | Killed an ice dragon
 15743 | IceCv    | Got a faintly glowing lead ring
 15746 | IceCv    | Identified the ring "Momill" {Slay+5 Stlth+} (You found it in an ice cave)
 15767 | IceCv    | Got a smoking amber ring
 15770 | IceCv    | Identified the ring of the Good {-Tele rC++ MR+ Str+2 Int+5} (You found it in an ice cave)
 15982 | Lair:5   | Received a gift from Okawaru
 16537 | Lair:6   | Entered Level 6 of the Lair of Beasts
 16855 | Lair:6   | Gained mutation: Your large and strong wings let you fly indefinitely. [Gargoyle growth]
 16855 | Lair:6   | Reached XP level 14. HP: 95/95 MP: 18/21
 16923 | Lair:6   | Reached skill level 14 in Fighting
 16923 | Lair:6   | Reached skill level 15 in Maces & Flails
 17128 | Lair:6   | Found a staircase to the Slime Pits.
 17798 | D:11     | Found a staircase to the Orcish Mines.
 18117 | D:11     | Noticed Fannar
 18130 | D:11     | Killed Fannar
 18762 | D:12     | Received a gift from Okawaru
 19543 | Orc:1    | Entered Level 1 of the Orcish Mines
 19864 | Orc:2    | Entered Level 2 of the Orcish Mines
 19864 | Orc:2    | Noticed Sonja
 19866 | Orc:2    | Killed Sonja
 19971 | Orc:2    | Noticed Josephine
 19983 | Orc:2    | Killed Josephine
 20056 | Orc:2    | Found a staircase to the Elven Halls.
 20523 | Orc:2    | Found Faoneur's Armour Shop.
 20531 | Orc:2    | Bought a +2 helmet of see invisible for 258 gold pieces
 20605 | Orc:2    | Reached skill level 15 in Fighting
 20605 | Orc:2    | Reached skill level 1 in Evocations
 20778 | Orc:2    | Reached XP level 15. HP: 96/103 MP: 22/22
 20790 | Orc:2    | Found Mut Damaexo's Food Emporium.
 20790 | Orc:2    | Found Vischomn's Antique Weapon Shop.
 20792 | Orc:2    | Found Kalleczady's Antique Weapon Emporium.
 20792 | Orc:2    | Found Nitamup's General Store.
 20801 | Orc:2    | Bought a scroll of fog for 24 gold pieces
 20801 | Orc:2    | Bought a scroll of blinking for 90 gold pieces
 21132 | Swamp:1  | Entered Level 1 of the Swamp
 21687 | Swamp:1  | Identified the +2 shortbow of the Briny Deep {velocity, MR+ Str-3 Int+4} (You found it on level 2 of the Lair of Beasts)
 21700 | Swamp:1  | Identified a scroll of acquirement
 22093 | Swamp:2  | Reached skill level 5 in Evocations
 22300 | Swamp:2  | Noticed a thorn hunter
 22311 | Swamp:2  | Killed a thorn hunter
 22613 | Swamp:2  | Noticed a thorn hunter
 22632 | Swamp:2  | Killed a thorn hunter
 22632 | Swamp:2  | Received a gift from Okawaru
 23506 | Spider:1 | Entered Level 1 of the Spider Nest
 23510 | Spider:1 | Received a gift from Okawaru
 23510 | Spider:1 | Reached skill level 16 in Fighting
 23525 | Lair:3   | Reached XP level 16. HP: 38/110 MP: 7/23
 24137 | Spider:1 | Received a gift from Okawaru
 25169 | Spider:2 | Received a gift from Okawaru
 25209 | Spider:2 | Reached skill level 17 in Fighting
 26093 | Spider:3 | Received a gift from Okawaru
 26104 | Spider:3 | Reached XP level 17. HP: 93/117 MP: 18/24
 27269 | D:13     | Found a gate to the Vaults.
 27323 | D:13     | Noticed Kirke
 27333 | D:13     | Killed Kirke
 28353 | D:14     | Reached ****** piety under Okawaru
 28627 | D:14     | Noticed Nessos
 28640 | D:14     | Killed Nessos
 28930 | D:15     | Entered Level 15 of the Dungeon
 28996 | D:15     | Reached skill level 15 in Armour
 29011 | D:15     | Received a gift from Okawaru
 29243 | D:14     | Reached skill level 1 in Hexes
 29243 | D:14     | Reached skill level 1 in Charms
 29653 | D:15     | Found a staircase to the Depths.
 30197 | Swamp:4  | Entered Level 4 of the Swamp
 30283 | Swamp:4  | Reached skill level 18 in Fighting
 30288 | Swamp:4  | Noticed Nikola
 30313 | Swamp:2  | Killed Nikola
 30313 | Swamp:2  | Reached XP level 18. HP: 99/125 MP: 15/25
 30390 | Swamp:4  | Received a gift from Okawaru
 30426 | Swamp:4  | Noticed MordorOrchid's ghost (adept SpWn)
 30593 | Swamp:4  | Killed MordorOrchid's ghost
 30593 | Swamp:4  | Received a gift from Okawaru
 30932 | Swamp:4  | Reached skill level 5 in Charms
 31132 | Swamp:4  | Reached skill level 5 in Hexes
 31137 | Swamp:4  | Learned a level 1 spell: Apportation
 31175 | Swamp:4  | Got a decaying rune of Zot
 31511 | Spider:4 | Entered Level 4 of the Spider Nest
 33076 | Spider:4 | Received a gift from Okawaru
 33422 | Spider:4 | Got a gossamer rune of Zot
 33714 | Vaults:1 | Entered Level 1 of the Vaults
 33758 | Vaults:1 | Reached XP level 19. HP: 127/131 MP: 18/26
 33943 | Vaults:1 | Identified the Volume of Transformation and Cold
 34183 | Vaults:1 | Found Qaankaqig's Armour Shop.
 34268 | Vaults:1 | Received a gift from Okawaru
 34674 | Vaults:1 | Reached skill level 19 in Fighting
 35053 | Vaults:1 | Received a gift from Okawaru
 35839 | Vaults:2 | Reached XP level 20. HP: 127/140 MP: 23/27
 35952 | Vaults:2 | Reached skill level 1 in Dodging
 36458 | Vaults:2 | Received a gift from Okawaru
 36491 | Vaults:2 | Reached skill level 20 in Fighting
 37109 | Vaults:2 | Noticed a Tzitzimitl
 37714 | Vaults:3 | Identified the cursed +1 plate armour of the Stars {rF- rN++ Str+5} (You found it on level 3 of the Vaults)
 38061 | Vaults:3 | Gained mutation: You possess an exceptional clarity of mind. [a shining eye]
 38167 | Vaults:3 | Found a staircase to the Crypt.
 38167 | Vaults:3 | Found an ancient bone altar of Kikubaaqudgha.
 38182 | Vaults:3 | Received a gift from Okawaru
 38218 | Vaults:3 | Found a basalt altar of Yredelemnul.
 38300 | Vaults:3 | Found Lyuweufi's Gadget Boutique.
 38310 | Vaults:3 | Bought a lightning rod (4/4) for 600 gold pieces
 38310 | Vaults:3 | Bought a box of beasts for 300 gold pieces
 38315 | Vaults:3 | Got a pair of translucent gloves
 38326 | Vaults:3 | Identified the +0 pair of gloves of Anaesthesia {rF+ Int+2} (You acquired it on level 3 of the Vaults)
 38431 | Vaults:3 | Found Deshouza's Distillery.
 38988 | Vaults:4 | Reached XP level 21. HP: 123/147 MP: 16/29
 38992 | Vaults:4 | Reached skill level 5 in Dodging
 39529 | Vaults:4 | Received a gift from Okawaru
 39744 | Vaults:4 | Found Ituetuol's Assorted Antiques.
 40326 | Elf:1    | Entered Level 1 of the Elven Halls
 40787 | Elf:1    | Found Wiwyri's Magic Scroll Emporium.
 40787 | Elf:1    | Found Nunaen's Armour Emporium.
 40789 | Elf:1    | Found Saepter's Food Emporium.
 40789 | Elf:1    | Found Waqiam's Weapon Emporium.
 40901 | Elf:1    | Reached skill level 21 in Fighting
 41250 | Elf:1    | Identified the Compendium of Vitriolic Flames
 41284 | Elf:2    | Found a ruined gateway.
 41367 | Elf:2    | Reached skill level 10 in Evocations
 41555 | Elf:2    | Received a gift from Okawaru
 41584 | Elf:2    | Identified the +4 pair of boots of the Battered Dreams {rN+ Regen+ rCorr Dex+7} (Okawaru gifted it to you on level 2 of the Elven Halls)
 41751 | Elf:2    | Reached XP level 22. HP: 155/155 MP: 26/30
 41864 | Elf:2    | Gained mutation: You are frail. (-10% HP) [a shining eye]
 41980 | Elf:2    | Found a runed gate.
 41980 | Elf:2    | Found a runed gate.
 41985 | Elf:2    | Found a runed gate.
 42745 | Depths:1 | Entered Level 1 of the Depths
 42752 | Depths:1 | Noticed Sojobo
 42771 | Depths:1 | Killed Sojobo
 42953 | D:9      | Learned a level 3 spell: Regeneration
 43120 | Depths:1 | Reached skill level 1 in Necromancy
 43343 | Depths:1 | Found a gateway to a ziggurat.
 43388 | Depths:1 | Found a gateway to Hell.
 43388 | Depths:1 | Noticed Mara
 43477 | Depths:1 | Noticed microfolk's illusion
 44357 | Depths:1 | Noticed microfolk's illusion
 44399 | Depths:1 | Killed from afar by a wizard

Skill      XL: |  1  2  3  4  5  6  7  8  9 10 11 12 13 14 15 16 17 18 19 20 21 22 |
---------------+-------------------------------------------------------------------+-----
Maces & Flails | 3 4 5 6 8 10 11 12 14 16 17 18 | 18.1
Armour         | 4 5 7 8 9 10 11 12 14 15 17 18 19 | 19.0
Fighting       | 4 5 7 8 9 10 12 13 15 16 17 18 19 20 21 | 21.6
Invocations    | 4 10 11 | 11.2
Evocations     | 2 7 8 10 11 | 11.0
Hexes          | 3 7 8 |  8.0
Charms         | 3 7 8 |  8.0
Dodging        | 4 7 8 |  8.5
Necromancy     | 2 |  2.4
Shields        | |  3.2

Action                   |  1- 3 |  4- 6 |  7- 9 | 10-12 | 13-15 | 16-18 | 19-21 | 22-24 || total
-------------------------+-------+-------+-------+-------+-------+-------+-------+-------++-------
Melee: Flail             |   129 |   120 |       |       |       |       |       |       ||   249
       Whip              |       |    96 |   379 |   865 |       |       |       |       ||  1340
       Great mace        |       |       |       |    66 |  1009 |  1301 |  1365 |   198 ||  3939
       Punch             |       |       |       |     1 |       |       |       |       ||     1
 Cast: Spectral Weapon   |       |       |       |       |       |       |    12 |       ||    12
Invok: Heroism           |       |       |       |    27 |    42 |    25 |    35 |     6 ||   135
       Finesse           |       |       |       |     2 |    11 |     7 |     8 |     4 ||    32
 Abil: Fly               |       |       |       |       |     1 |     2 |       |       ||     3
       Stop Flying       |       |       |       |       |       |     4 |       |       ||     4
Evoke: Wand              |       |       |       |       |     1 |     1 |     6 |       ||     8
  Use: Scroll            |     1 |       |    12 |     7 |    15 |    11 |    17 |     2 ||    65
       Potion            |       |       |     1 |     2 |       |       |     1 |     2 ||     6
 Stab: Sleeping          |       |       |       |       |     1 |       |       |       ||     1
       Paralysed         |       |       |       |       |     1 |     1 |     2 |       ||     4
       Distracted        |       |       |       |       |       |       |     1 |       ||     1
  Eat: Chunk             |     1 |     9 |    12 |    21 |    31 |    13 |    19 |     3 ||   109
       Ration            |       |       |       |     1 |     1 |     8 |     2 |     4 ||    16
Armor: Scale mail        |    76 |   112 |   131 |   203 |    89 |       |       |       ||   611
       Plate armour      |       |       |       |       |   588 |  1559 |   765 |   158 ||  3070
       Skin              |       |       |       |       |     1 |       |       |       ||     1
Dodge: Dodged            |    41 |    70 |   171 |   276 |   501 |   789 |   455 |   119 ||  2422
Block: Shield            |    63 |   123 |   122 |   217 |       |       |       |       ||   525
